[Event "46th GER-ch Rapid 2020"]
[Site "Plochingen"]
[Date "2020.09.19"]
[Round "5.8"]
[White "Milare, Tyron"]
[Black "Muranyi, Karl-Jasmin"]
[Result "0-1"]
[ECO "D11"]
[WhiteElo "2176"]
[BlackElo "2331"]
[Annotator "NA"]
[PlyCount "112"]
[EventDate "2020.09.19"]
[EventType "swiss"]
[EventCountry "GER"]
[SourceTitle "playchess.com"]
[Source "ChessBase"]
[SourceQuality "1"]
[TimeControl "900+10"]

1. d4 d5 2. Nf3 c6 3. c4 Nf6 4. e3 Bg4 5. Nc3 e6 6. h3 Bh5 7. Be2 Nbd7 8. cxd5 exd5 9. O-O Bd6 10. a3 a5 11. Rb1 O-O 12. b4 axb4 13. axb4 b5 14. Bd2 Qe7 15. Qb3 Nb6 16. Ne1 Bg6 17. Bd3 Nc4 18. Bc1 Ne4 19. Nxe4 Bxe4 20. Bxe4 dxe4 21. Nc2 Ra4 22. Rd1 Qg5 23. Bb2 Qd5 24. Ra1 Nb6 25. Qxd5 cxd5 26. Rxa4 Nxa4 27. Bc1 Rc8 28. Na3 Nc3 29. Rf1 Ne2+ 30. Kh1 Rxc1 31. Rxc1 Nxc1 32. Nxb5 Bxb4 33. Nc7 Be1 34. f3 Ne2 35. Nxd5 Nc3 36. Ne7+ Kf8 37. Nf5 g6 38. Nd6 Bf2 39. Nc4 exf3 40. gxf3 Nd1 41. e4 Bxd4 42. Nd2 Ne3 43. Kh2 Be5+ 44. Kg1 Bg3 45. Nb3 Kg7 46. Nd4 h5 47. Ne2 h4 48. Nd4 Kf6 49. Nc6 Kg5 50. Nd8 Kf6 51. Nc6 Nc4 52. Kg2 Ne5 53. Nd4 Nd3 54. Ne2 Nf4+ 55. Nxf4 Bxf4 56. Kf2 Ke5 0-1

[Event "46th GER-ch Rapid 2020"]
[Site "Plochingen"]
[Date "2020.09.19"]
[Round "5.9"]
[White "Stern, Rene"]
[Black "Schwarz, Frank"]
[Result "1-0"]
[ECO "D65"]
[WhiteElo "2517"]
[BlackElo "2231"]
[Annotator "ChessBase"]
[PlyCount "93"]
[EventDate "2020.09.19"]
[EventType "swiss"]
[EventCountry "GER"]
[SourceTitle "playchess.com"]
[Source "ChessBase"]
[SourceQuality "1"]
[TimeControl "900+10"]

1. Nf3 d5 2. d4 Nf6 3. c4 e6 4. Nc3 Be7 5. Bg5 a6 6. e3 O-O 7. Rc1 Nbd7 8. cxd5 exd5 9. Bd3 c6 10. Qc2 Re8 11. O-O h6 12. Bh4 Ne4 13. Bxe7 Qxe7 14. Bxe4 dxe4 15. Nd2 Nf6 16. b4 Bf5 17. a3 Rad8 18. Rfe1 Bg6 19. Nc4 Nd5 20. Ne2 Qg5 21. Ne5 Bf5 22. Ng3 Bh7 23. Qb3 f6 24. f4 exf3 25. Nxf3 Rxe3 26. Qa2 Qf4 27. Rf1 Bd3 28. Rfd1 Rde8 29. Qd2 Bg6 30. a4 Qd6 31. b5 cxb5 32. axb5 axb5 33. Nh4 Qf4 34. Nxg6 Re1+ 35. Qxe1 Rxe1+ 36. Rxe1 Qxd4+ 37. Kh1 Ne3 38. Ne7+ Kh7 39. Nef5 Nxf5 40. Nxf5 Qf4 41. Ng3 b4 42. Rb1 Qd2 43. Re2 Qd3 44. Reb2 f5 45. Rb3 Qd5 46. Rxb4 Qe5 47. Rb5 1-0

[Event "46th GER-ch Rapid 2020"]
[Site "Plochingen"]
[Date "2020.09.19"]
[Round "5.10"]
[White "Reichmann, Hendrik"]
[Black "Siebrecht, Sebastian"]
[Result "1/2-1/2"]
[ECO "D02"]
[WhiteElo "2348"]
[BlackElo "2418"]
[Annotator "ChessBase"]
[PlyCount "97"]
[EventDate "2020.09.19"]
[EventType "swiss"]
[EventCountry "GER"]
[SourceTitle "playchess.com"]
[Source "ChessBase"]
[SourceQuality "1"]
[TimeControl "900+10"]

1. d4 Nf6 2. Bf4 d5 3. e3 c5 4. c3 cxd4 5. exd4 Nc6 6. Nd2 g6 7. Ngf3 Bg7 8. Be2 O-O 9. h3 a6 10. a4 Nd7 11. O-O e5 12. dxe5 Ndxe5 13. Nb3 Bf5 14. Nxe5 Nxe5 15. Nd4 Bd7 16. Qb3 Bc6 17. Rfe1 Re8 18. Rad1 Qd7 19. Ra1 Qd6 20. Bg3 Qf6 21. Bf1 h5 22. Nxc6 bxc6 23. Bxe5 Rxe5 24. Qb7 Rae8 25. Rxe5 Rxe5 26. Qxa6 h4 27. a5 Kh7 28. Qb6 Qf4 29. Qd4 Re4 30. Qd3 Be5 31. g3 hxg3 32. Qxg3 Qd2 33. Qd3 Qxb2 34. Rb1 Qa2 35. a6 Rc4 36. Rb7 Kg7 37. Qf3 Rf4 38. Qe2 Qxe2 39. Bxe2 Bxc3 40. Kg2 Ra4 41. Kf3 Bd4 42. Rc7 c5 43. Rd7 Ra3+ 44. Kg2 Ra2 45. Kf3 Ra3+ 46. Kg2 Ra2 47. Kf3 Ra3+ 48. Kg2 Ra2 49. Kf3 1/2-1/2

[Event "46th GER-ch Rapid 2020"]
[Site "Plochingen"]
[Date "2020.09.21"]
[Round "6.5"]
[White "Braeuning, Rudolf Wilhelm"]
[Black "Hirneise, Jens"]
[Result "1/2-1/2"]
[ECO "C01"]
[WhiteElo "2268"]
[BlackElo "2289"]
[Annotator "ChessBase"]
[PlyCount "89"]
[EventDate "2020.09.19"]
[EventType "swiss"]
[EventCountry "GER"]
[SourceTitle "playchess.com"]
[Source "ChessBase"]
[SourceQuality "1"]
[TimeControl "900+10"]

1. e4 e6 2. d4 d5 3. exd5 exd5 4. Nf3 Nf6 5. Bg5 Be7 6. Bd3 O-O 7. O-O Bg4 8. h3 Bh5 9. Nbd2 Nbd7 10. Re1 Re8 11. c3 c6 12. Qc2 Bg6 13. Bxg6 hxg6 14. Re3 Qc7 15. Rae1 Bd6 16. Rxe8+ Rxe8 17. Rxe8+ Nxe8 18. Nf1 Nef6 19. Bxf6 Nxf6 20. Qe2 Kf8 21. Ne5 Bxe5 22. dxe5 Ne4 23. f3 Nc5 24. g3 Ne6 25. Kg2 Qa5 26. a3 d4 27. cxd4 Nxd4 28. Qe4 Ne6 29. h4 Qb5 30. b4 a5 31. Nd2 axb4 32. axb4 Nc7 33. Qd4 Nd5 34. Qa7 Qe2+ 35. Kh3 Qxd2 36. Qb8+ Ke7 37. Qd6+ Ke8 38. Qb8+ Kd7 39. Qd6+ Kc8 40. Qf8+ Kc7 41. Qd6+ Kb6 42. Qc5+ Kc7 43. Qd6+ Kb6 44. Qc5+ Kc7 45. Qd6+ 1/2-1/2

[Event "46th GER-ch Rapid 2020"]
[Site "Plochingen"]
[Date "2020.09.21"]
[Round "6.6"]
[White "Richter, Nils"]
[Black "Spiess, Gunter"]
[Result "1/2-1/2"]
[ECO "D48"]
[WhiteElo "2307"]
[BlackElo "2391"]
[Annotator "ChessBase"]
[PlyCount "81"]
[EventDate "2020.09.19"]
[EventType "swiss"]
[EventCountry "GER"]
[SourceTitle "playchess.com"]
[Source "ChessBase"]
[SourceQuality "1"]
[TimeControl "900+10"]

1. c4 e6 2. Nc3 d5 3. e3 dxc4 4. Bxc4 a6 5. d4 Nf6 6. Nf3 b5 7. Bd3 Bb7 8. O-O Nbd7 9. a3 c5 10. Qe2 Be7 11. Rd1 Qb6 12. dxc5 Nxc5 13. Bc2 Nce4 14. Nxe4 Nxe4 15. Rd4 f5 16. Ne5 Nf6 17. b3 Rc8 18. Bb2 Bd6 19. Rd2 O-O 20. Rad1 Rfd8 21. Bb1 Bd5 22. b4 Qc7 23. Nf3 Ne4 24. Rxd5 exd5 25. Ba2 Qc2 26. Bxd5+ Kh8 27. Qxc2 Rxc2 28. Bd4 Nxf2 29. Ng5 Rd7 30. Rf1 Bxh2+ 31. Kxh2 Rxd5 32. Ne6 Kg8 33. Bxg7 Ng4+ 34. Kh3 Rd6 35. Nd4 Ra2 36. Nxf5 Rg6 37. Bd4 Nf2+ 38. Kh2 Ng4+ 39. Kh3 Nf2+ 40. Kh2 Ng4+ 41. Kh3 1/2-1/2

[Event "46th GER-ch Rapid 2020"]
[Site "Plochingen"]
[Date "2020.09.21"]
[Round "6.7"]
[White "Voigt, Martin"]
[Black "Petkidis, Anthony"]
[Result "1/2-1/2"]
[ECO "C47"]
[WhiteElo "2289"]
[BlackElo "2406"]
[Annotator "ChessBase"]
[PlyCount "69"]
[EventDate "2020.09.19"]
[EventType "swiss"]
[EventCountry "GER"]
[SourceTitle "playchess.com"]
[Source "ChessBase"]
[SourceQuality "1"]
[TimeControl "900+10"]

1. e4 e5 2. Nf3 Nc6 3. Nc3 Nf6 4. d4 exd4 5. Nxd4 Bb4 6. Nxc6 bxc6 7. Bd3 d5 8. exd5 O-O 9. O-O Bg4 10. Be2 Bxe2 11. Nxe2 cxd5 12. Bg5 c6 13. Nd4 Qd6 14. c3 Bc5 15. Qf3 Ne4 16. Be3 Qd7 17. Nf5 Rad8 18. Rad1 Bxe3 19. Nxe3 Rfe8 20. Rd4 Qb7 21. Qe2 c5 22. Rd3 d4 23. cxd4 cxd4 24. Rfd1 Nxf2 25. Qxf2 dxe3 26. Qxe3 Rb8 27. Qf2 Qxb2 28. Qxa7 h6 29. Rf3 Rb7 30. Qa4 Qe5 31. h3 Rbe7 32. Rdf1 g6 33. Qb3 Rf8 34. Kh1 Kg7 35. Qc3 1/2-1/2

[Event "46th GER-ch Rapid 2020"]
[Site "Plochingen"]
[Date "2020.09.21"]
[Round "6.8"]
[White "Meissner, Felix"]
[Black "Hartge, Gedeon"]
[Result "1/2-1/2"]
[ECO "B23"]
[WhiteElo "2362"]
[BlackElo "2234"]
[Annotator "ChessBase"]
[PlyCount "133"]
[EventDate "2020.09.19"]
[EventType "swiss"]
[EventCountry "GER"]
[SourceTitle "playchess.com"]
[Source "ChessBase"]
[SourceQuality "1"]
[TimeControl "900+10"]

1. e4 c5 2. Nc3 Nc6 3. Bb5 Nd4 4. Nf3 Nxb5 5. Nxb5 a6 6. Nc3 e6 7. a4 b6 8. d4 cxd4 9. Qxd4 Bb7 10. O-O Nf6 11. Bg5 Bc5 12. Qd3 h6 13. Bh4 g5 14. Bg3 Nh5 15. Rad1 Nxg3 16. hxg3 Qc7 17. e5 O-O-O 18. Ne4 g4 19. Nd6+ Bxd6 20. exd6 Qc6 21. Nh4 Qxa4 22. Rfe1 Kb8 23. b3 Qc6 24. c4 Rdg8 25. Qd4 Qc5 26. Qc3 Qg5 27. Re5 Qf6 28. Qe1 Rg5 29. Re3 Rc8 30. Qb4 Ka7 31. Qe1 Qb2 32. Rd2 Qa3 33. Rd1 Qc5 34. Qd2 Qc6 35. Qd4 Rh5 36. Kf1 Rxh4 37. gxh4 Qxg2+ 38. Ke1 Qg1+ 39. Kd2 Qxf2+ 40. Kc1 Qa2 41. Qxg4 Qa1+ 42. Kd2 Qb2+ 43. Ke1 f5 44. Qg3 Qf6 45. Qe5 Qxh4+ 46. Kd2 Qf2+ 47. Kc1 Rc5 48. Qc3 f4 49. Rxe6 Qa2 50. Rxh6 Qa3+ 51. Qb2 Qxb2+ 52. Kxb2 f3 53. Rf6 a5 54. Kc3 Bc6 55. Kd4 Kb7 56. Rd2 Rg5 57. Ke3 Rg1 58. Kd4 Rg4+ 59. Kc3 Rg1 60. Rf5 Rc1+ 61. Kd4 Rb1 62. Kc3 Be4 63. Rf4 Bc6 64. Rf6 Rc1+ 65. Kd4 Rb1 66. Kc3 Rc1+ 67. Kb2 1/2-1/2

[Event "46th GER-ch Rapid 2020"]
[Site "Plochingen"]
[Date "2020.09.21"]
[Round "6.9"]
[White "Siebrecht, Sebastian"]
[Black "Schulz, Karsten"]
[Result "1-0"]
[ECO "A42"]
[WhiteElo "2418"]
[BlackElo "2294"]
[Annotator "ChessBase"]
[PlyCount "119"]
[EventDate "2020.09.19"]
[EventType "swiss"]
[EventCountry "GER"]
[SourceTitle "playchess.com"]
[Source "ChessBase"]
[SourceQuality "1"]
[TimeControl "900+10"]

1. d4 g6 2. c4 Bg7 3. Nc3 d6 4. e4 e5 5. Nf3 Nc6 6. d5 Nd4 7. h3 c5 8. dxc6 bxc6 9. Bd3 Nf6 10. O-O O-O 11. Bg5 h6 12. Be3 Nd7 13. Rc1 Nc5 14. Bb1 Nce6 15. Re1 a5 16. b3 Qf6 17. Nh2 h5 18. Ne2 Kh7 19. Nxd4 exd4 20. Bd2 Nf4 21. Nf3 c5 22. e5 dxe5 23. Nxe5 Bb7 24. Bxf4 Qxf4 25. Qxh5+ Kg8 26. Qe2 Rae8 27. Nd3 Qg5 28. Qg4 Qxg4 29. hxg4 Bc8 30. g5 f6 31. gxf6 Bxf6 32. Nxc5 Bh4 33. g3 Bg5 34. f4 Be7 35. Bxg6 Bxc5 36. Rxe8 d3+ 37. Kf1 Bh3+ 38. Ke1 Bb4+ 39. Kf2 Rxe8 40. Bxe8 d2 41. Rd1 Bg4 42. Rxd2 Bxd2 43. Bc6 Bf5 44. a3 Kf8 45. Ke2 Bc1 46. b4 Bxa3 47. bxa5 Ke7 48. a6 Bc5 49. Kf3 Kd6 50. Bb7 Bd3 51. Bd5 Bc2 52. g4 Bd1+ 53. Kg3 Ke7 54. g5 Be2 55. f5 Bd3 56. f6+ Kf8 57. Kf4 Bg1 58. Ke5 Be3 59. Kd6 Bf4+ 60. Kc6 1-0

[Event "46th GER-ch Rapid 2020"]
[Site "Plochingen"]
[Date "2020.09.21"]
[Round "6.10"]
[White "Langrock, Hannes"]
[Black "Reichmann, Hendrik"]
[Result "1/2-1/2"]
[ECO "E62"]
[WhiteElo "2352"]
[BlackElo "2348"]
[Annotator "ChessBase"]
[PlyCount "61"]
[EventDate "2020.09.19"]
[EventType "swiss"]
[EventCountry "GER"]
[SourceTitle "playchess.com"]
[Source "ChessBase"]
[SourceQuality "1"]
[TimeControl "900+10"]

1. d4 g6 2. c4 Bg7 3. g3 d6 4. Bg2 Nf6 5. Nf3 O-O 6. O-O Nc6 7. Nc3 e5 8. dxe5 dxe5 9. Bg5 Be6 10. Qc1 Bxc4 11. Nd2 Be6 12. Nde4 Nd4 13. e3 Nc6 14. f4 h6 15. Bh4 exf4 16. gxf4 Qe7 17. Kh1 Rad8 18. Qe1 Bf5 19. Rd1 Bxe4 20. Nxe4 Rxd1 21. Qxd1 g5 22. Nxf6+ Bxf6 23. Bg3 Qxe3 24. fxg5 Bxg5 25. Qd5 Qd4 26. Qb5 Qb6 27. Qe2 Nd4 28. Qc4 Ne6 29. b3 c6 30. Qe4 Qd4 31. Qf5 1/2-1/2

[Event "46th GER-ch Rapid 2020"]
[Site "Plochingen"]
[Date "2020.09.21"]
[Round "7.1"]
[White "Dobrikov, Marco"]
[Black "Neukirchner, Pascal"]
[Result "0-1"]
[ECO "B36"]
[WhiteElo "2332"]
[BlackElo "2259"]
[Annotator "ChessBase"]
[PlyCount "128"]
[EventDate "2020.09.19"]
[EventType "swiss"]
[EventCountry "GER"]
[SourceTitle "playchess.com"]
[Source "ChessBase"]
[SourceQuality "1"]
[TimeControl "900+10"]

1. e4 c5 2. Nf3 Nc6 3. d4 cxd4 4. Nxd4 g6 5. c4 d6 6. Nc3 Nf6 7. Be2 Nxd4 8. Qxd4 Bg7 9. Be3 O-O 10. Qd2 Be6 11. Rc1 Qa5 12. f3 Rfc8 13. b3 Rab8 14. Nd5 Qxd2+ 15. Kxd2 Nxd5 16. exd5 Bd7 17. a4 b6 18. g4 f5 19. g5 a6 20. f4 e5 21. dxe6 Bxe6 22. Bf3 d5 23. cxd5 Rd8 24. Ke2 Bxd5 25. Bxd5+ Rxd5 26. Rhd1 Rxd1 27. Rxd1 b5 28. a5 Bc3 29. Bb6 Re8+ 30. Kf3 Kf7 31. Bc5 Bxa5 32. Ra1 Bd2 33. Rxa6 Re4 34. Bd6 Re3+ 35. Kf2 Rxb3 36. Be5 Be3+ 37. Ke2 Bg1 38. h4 Rh3 39. Ra1 Bc5 40. Rc1 Be7 41. Rc7 Ke6 42. Rb7 b4 43. Rb6+ Kd5 44. Rb7 Bc5 45. Rxh7 Ke4 46. h5 Rh2+ 47. Kd1 gxh5 48. g6 Rg2 49. Rc7 Be3 50. g7 Bxf4 51. Rc8 Bxe5 52. g8=Q Rxg8 53. Rxg8 b3 54. Rg6 Kd3 55. Kc1 b2+ 56. Kb1 f4 57. Rg5 Bd4 58. Rxh5 f3 59. Rf5 Ke2 60. Rf4 f2 61. Re4+ Kd3 62. Rf4 Ke3 63. Rf8 Be5 64. Rf5 Bf4 0-1

[Event "46th GER-ch Rapid 2020"]
[Site "Plochingen"]
[Date "2020.09.21"]
[Round "7.2"]
[White "Frischmann, Rick"]
[Black "Kvetny, Mark"]
[Result "0-1"]
[ECO "B29"]
[WhiteElo "2347"]
[BlackElo "2427"]
[Annotator "ChessBase"]
[PlyCount "66"]
[EventDate "2020.09.19"]
[EventType "swiss"]
[EventCountry "GER"]
[SourceTitle "playchess.com"]
[Source "ChessBase"]
[SourceQuality "1"]
[TimeControl "900+10"]

1. e4 c5 2. Nf3 Nf6 3. e5 Nd5 4. Nc3 Nxc3 5. dxc3 e6 6. Bc4 Nc6 7. Bf4 Qc7 8. Qd2 h6 9. h4 a6 10. h5 b5 11. Be2 Rb8 12. Rh3 c4 13. Rg3 Ne7 14. Rg4 Bb7 15. Bg3 Nf5 16. Bh2 Bd5 17. Kf1 Bc5 18. Nd4 Bxd4 19. cxd4 b4 20. Kg1 Qc6 21. Bf4 a5 22. Kh2 c3 23. bxc3 bxc3 24. Qd1 Be4 25. f3 Bd5 26. Bd3 Nxd4 27. Rxg7 Rb4 28. Qc1 Bxf3 29. a3 Rb2 30. Qe3 Nxc2 31. Qa7 Nxa1 32. Qxa5 Bxg2 33. Kg1 Be4 0-1

[Event "46th GER-ch Rapid 2020"]
[Site "Plochingen"]
[Date "2020.09.21"]
[Round "7.3"]
[White "Stern, Rene"]
[Black "Rosner, Jonas"]
[Result "1-0"]
[ECO "D11"]
[WhiteElo "2517"]
[BlackElo "2433"]
[Annotator "ChessBase"]
[PlyCount "83"]
[EventDate "2020.09.19"]
[EventType "swiss"]
[EventCountry "GER"]
[SourceTitle "playchess.com"]
[Source "ChessBase"]
[SourceQuality "1"]
[TimeControl "900+10"]

1. Nf3 d5 2. d4 Nf6 3. c4 c6 4. Nbd2 Bf5 5. Nh4 Be4 6. f3 Bg6 7. Qb3 Qc7 8. g3 e6 9. Bg2 c5 10. cxd5 exd5 11. Qe3+ Be7 12. dxc5 O-O 13. Nxg6 hxg6 14. Nb3 Re8 15. Qc3 Na6 16. Be3 Rac8 17. Bh3 Nd7 18. O-O Bf6 19. Bd4 Bxd4+ 20. Qxd4 Rcd8 21. Bxd7 Qxd7 22. e3 Qb5 23. Rf2 Rc8 24. Rc2 Nb4 25. Rc3 a5 26. Qd2 a4 27. Nd4 Qa5 28. a3 Na6 29. b4 axb3 30. Nxb3 Qb5 31. Rac1 Rcd8 32. Kf2 Qa4 33. Nd4 Qd7 34. c6 bxc6 35. Rxc6 Ra8 36. Kg2 Qe7 37. R1c3 Kh7 38. Ne2 Nb8 39. Rc7 Qf6 40. Qxd5 Qa6 41. Nf4 Ra7 42. Qxf7 1-0

[Event "46th GER-ch Rapid 2020"]
[Site "Plochingen"]
[Date "2020.09.21"]
[Round "7.4"]
[White "Schmaltz, Roland"]
[Black "Meissner, Felix"]
[Result "0-1"]
[ECO "B00"]
[WhiteElo "2449"]
[BlackElo "2362"]
[Annotator "ChessBase"]
[PlyCount "42"]
[EventDate "2020.09.19"]
[EventType "swiss"]
[EventCountry "GER"]
[SourceTitle "playchess.com"]
[Source "ChessBase"]
[SourceQuality "1"]
[TimeControl "900+10"]

1. e4 e6 2. d4 b6 3. Bd3 Bb7 4. Qe2 d6 5. Nf3 Nd7 6. O-O a6 7. c4 c5 8. d5 e5 9. Nc3 Ne7 10. Rb1 Ng6 11. b4 Bc8 12. Bc2 Be7 13. Be3 O-O 14. Rb2 Nf6 15. bxc5 bxc5 16. Ne1 Ng4 17. Nd3 Bg5 18. Bxg5 Qxg5 19. g3 Qh6 20. f4 exf4 21. gxf4 f5 0-1

[Event "46th GER-ch Rapid 2020"]
[Site "Plochingen"]
[Date "2020.09.20"]
[Round "7.8"]
[White "Petkidis, Anthony"]
[Black "Richter, Nils"]
[Result "1/2-1/2"]
[ECO "B48"]
[WhiteElo "2406"]
[BlackElo "2307"]
[Annotator "ChessBase"]
[PlyCount "62"]
[EventDate "2020.09.19"]
[EventType "swiss"]
[EventCountry "GER"]
[SourceTitle "playchess.com"]
[Source "ChessBase"]
[SourceQuality "1"]
[TimeControl "900+10"]

1. e4 c5 2. Nf3 e6 3. d4 cxd4 4. Nxd4 Nc6 5. Nc3 Qc7 6. Be3 a6 7. Be2 Nf6 8. a3 b5 9. Nxc6 dxc6 10. f4 Bb7 11. e5 Rd8 12. Bd3 Nd5 13. Nxd5 cxd5 14. Bd4 Bc5 15. c3 O-O 16. O-O Qb6 17. Kh1 g6 18. Be2 Rc8 19. Qd2 a5 20. b4 axb4 21. axb4 Bxd4 22. cxd4 Rc4 23. Bxc4 dxc4 24. Ra3 Rd8 25. Rd1 Qc6 26. Rg3 Qe4 27. h3 h5 28. Qe3 Qc2 29. Qd2 Qe4 30. Qe3 Qc2 31. Qd2 Qe4 1/2-1/2

[Event "46th GER-ch Rapid 2020"]
[Site "Plochingen"]
[Date "2020.09.20"]
[Round "7.9"]
[White "Kopylov, Michael"]
[Black "Voigt, Martin"]
[Result "1-0"]
[ECO "E04"]
[WhiteElo "2408"]
[BlackElo "2289"]
[Annotator "ChessBase"]
[PlyCount "49"]
[EventDate "2020.09.19"]
[EventType "swiss"]
[EventCountry "GER"]
[SourceTitle "playchess.com"]
[Source "ChessBase"]
[SourceQuality "1"]
[TimeControl "900+10"]

1. d4 d5 2. c4 e6 3. Nf3 Nf6 4. g3 dxc4 5. Bg2 a6 6. Ne5 c5 7. Na3 cxd4 8. Naxc4 Nbd7 9. Qxd4 Nxe5 10. Qxd8+ Kxd8 11. Nxe5 Bb4+ 12. Bd2 Bxd2+ 13. Kxd2 Ke7 14. Rhc1 Rd8+ 15. Ke1 Nd7 16. Rc7 f6 17. Nc4 Rb8 18. Rd1 Rg8 19. Nb6 Kd8 20. Rxc8+ Rxc8 21. Rxd7+ Ke8 22. Rxb7 Rc2 23. Be4 Rxb2 24. Bc6+ Kf8 25. Nd7+ 1-0

[Event "46th GER-ch Rapid 2020"]
[Site "Plochingen"]
[Date "2020.09.20"]
[Round "8.1"]
[White "Kvetny, Mark"]
[Black "Neukirchner, Pascal"]
[Result "1/2-1/2"]
[ECO "B36"]
[WhiteElo "2427"]
[BlackElo "2259"]
[Annotator "ChessBase"]
[PlyCount "122"]
[EventDate "2020.09.19"]
[EventType "swiss"]
[EventCountry "GER"]
[SourceTitle "playchess.com"]
[Source "ChessBase"]
[SourceQuality "1"]
[TimeControl "900+10"]

1. c4 c5 2. Nf3 Nf6 3. Nc3 Nc6 4. d4 cxd4 5. Nxd4 g6 6. e4 Nxd4 7. Qxd4 d6 8. Bg5 Bg7 9. Qd2 O-O 10. Bd3 Be6 11. O-O Rc8 12. b3 Nd7 13. Rac1 Nc5 14. Bb1 a5 15. Rfe1 Re8 16. Nd5 Bxd5 17. exd5 b6 18. Re3 Qd7 19. h4 e5 20. dxe6 Nxe6 21. Rd3 Nxg5 22. hxg5 Qg4 23. Rg3 Qe2 24. Qxe2 Rxe2 25. Kf1 Rce8 26. Rd1 Bd4 27. Rf3 Bc5 28. g3 Rb2 29. Bd3 Rxa2 30. Re1 Rxe1+ 31. Kxe1 Ra1+ 32. Ke2 Ra2+ 33. Kf1 a4 34. bxa4 Rxa4 35. Rf4 d5 36. Kg2 Ra3 37. Be2 dxc4 38. Bxc4 Ra7 39. Rf6 Kg7 40. Rf4 Re7 41. Kf3 Ba3 42. Re4 Rxe4 43. Kxe4 f6 44. gxf6+ Kxf6 45. g4 Kg5 46. Kf3 Bc1 47. Bb5 h6 48. Be8 Ba3 49. Bd7 Bd6 50. Be8 h5 51. gxh5 gxh5 52. Kg2 h4 53. f4+ Bxf4 54. Bb5 Bg3 55. Bc6 Kg4 56. Bd7+ Kf4 57. Bc6 Ke5 58. Bb5 Kd4 59. Be8 Kc5 60. Bd7 b5 61. Bxb5 Kxb5 1/2-1/2

[Event "46th GER-ch Rapid 2020"]
[Site "Plochingen"]
[Date "2020.09.20"]
[Round "8.2"]
[White "Stern, Rene"]
[Black "Dobrikov, Marco"]
[Result "0-1"]
[ECO "A34"]
[WhiteElo "2517"]
[BlackElo "2332"]
[Annotator "RC"]
[PlyCount "48"]
[EventDate "2020.09.19"]
[EventType "swiss"]
[EventCountry "GER"]
[SourceTitle "playchess.com"]
[Source "ChessBase"]
[SourceQuality "1"]
[TimeControl "900+10"]

1. Nf3 c5 2. c4 Nc6 3. Nc3 e5 4. e3 Nf6 5. d4 cxd4 6. exd4 e4 7. Ne5 d6 8. Nxc6 bxc6 9. Bg5 Bf5 10. Qa4 Qb6 11. Bxf6 gxf6 12. Nd5 Qb7 13. g4 Bd7 14. Nxf6+ Ke7 15. Nxd7 Qxb2 16. Rd1 Qc3+ 17. Ke2 Qf3+ 18. Kd2 Qxf2+ 19. Kc1 Bh6+ 20. g5 Bxg5+ 21. Kb1 Rab8+ 22. Nxb8 Rxb8+ 23. Qb3 Rxb3+ 24. axb3 Qf3 0-1

[Event "46th GER-ch Rapid 2020"]
[Site "Plochingen"]
[Date "2020.09.20"]
[Round "8.3"]
[White "Meissner, Felix"]
[Black "Siebrecht, Sebastian"]
[Result "1/2-1/2"]
[ECO "B06"]
[WhiteElo "2362"]
[BlackElo "2418"]
[Annotator "ChessBase"]
[PlyCount "142"]
[EventDate "2020.09.19"]
[EventType "swiss"]
[EventCountry "GER"]
[SourceTitle "playchess.com"]
[Source "ChessBase"]
[SourceQuality "1"]
[TimeControl "900+10"]

1. e4 g6 2. d4 Bg7 3. Nf3 d6 4. Bc4 a6 5. Bb3 e6 6. O-O b6 7. Bg5 Ne7 8. Re1 h6 9. Bh4 Nd7 10. c3 Bb7 11. a4 O-O 12. Nbd2 g5 13. Bg3 Ng6 14. Nc4 Nf6 15. e5 Ne4 16. exd6 cxd6 17. Nfd2 Nxg3 18. hxg3 d5 19. Ne3 f5 20. Bc2 g4 21. Nxg4 fxg4 22. Qxg4 Ne7 23. Qxe6+ Rf7 24. Nf3 Bc8 25. Qe3 Bf5 26. Bxf5 Nxf5 27. Qe6 Qd6 28. Qxd6 Nxd6 29. Re6 Rf6 30. Rae1 Ne4 31. Re7 Raf8 32. Rd7 Rd6 33. Rxd6 Nxd6 34. Re6 Rf6 35. Re7 Kf8 36. Rd7 Re6 37. Kf1 Bf6 38. Ne1 Ke8 39. Ra7 Nc4 40. Nd3 a5 41. g4 Nd2+ 42. Kg1 Nc4 43. Kf1 Be7 44. Ra8+ Bd8 45. Ra7 Re7 46. Ra8 Re4 47. g3 Rxg4 48. Nf4 Kd7 49. b3 Nd2+ 50. Ke2 Nxb3 51. Nxd5 Rg6 52. Kd1 Rd6 53. Ne3 Nxd4 54. cxd4 Rxd4+ 55. Ke2 Rxa4 56. Ra7+ Kc6 57. Rh7 Ra2+ 58. Kd3 Rxf2 59. Rxh6+ Kb5 60. Rh5+ Ka6 61. g4 a4 62. Nd5 a3 63. Rh8 Bg5 64. Ra8+ Kb7 65. Ra4 b5 66. Ra5 Kc6 67. Nc3 b4 68. Rxg5 Rf3+ 69. Kc4 bxc3 70. Kb3 Kd6 71. Kxa3 Ke6 1/2-1/2

[Event "46th GER-ch Rapid 2020"]
[Site "Plochingen"]
[Date "2020.09.20"]
[Round "8.4"]
[White "Frischmann, Rick"]
[Black "Hirneise, Jens"]
[Result "0-1"]
[ECO "C09"]
[WhiteElo "2347"]
[BlackElo "2289"]
[Annotator "ChessBase"]
[PlyCount "70"]
[EventDate "2020.09.19"]
[EventType "swiss"]
[EventCountry "GER"]
[SourceTitle "playchess.com"]
[Source "ChessBase"]
[SourceQuality "1"]
[TimeControl "900+10"]

1. e4 e6 2. d4 d5 3. Nd2 c5 4. exd5 exd5 5. Ngf3 Nc6 6. Bb5 Qe7+ 7. Be2 Qc7 8. O-O Nf6 9. Re1 cxd4 10. Nb3 Bb4 11. Bd2 Be7 12. Nbxd4 O-O 13. Bg5 Re8 14. c3 a6 15. Bd3 Bg4 16. Qc2 h6 17. Bh4 Bxf3 18. Nxf3 Nh5 19. Bxe7 Rxe7 20. Rxe7 Nxe7 21. Qd2 Nf6 22. Re1 Nc6 23. Bc2 Rd8 24. Nd4 Qb6 25. Nxc6 bxc6 26. Re7 Kf8 27. Qe2 Ne4 28. Bxe4 Kxe7 29. Bxd5+ Kf8 30. Bb3 Re8 31. Qf1 Qb5 32. Qd1 Qe2 33. Qd6+ Qe7 34. Qxe7+ Kxe7 35. g3 Rd8 0-1

[Event "46th GER-ch Rapid 2020"]
[Site "Plochingen"]
[Date "2020.09.20"]
[Round "8.5"]
[White "Rosner, Jonas"]
[Black "Kopylov, Michael"]
[Result "1-0"]
[ECO "A43"]
[WhiteElo "2433"]
[BlackElo "2408"]
[Annotator "ChessBase"]
[PlyCount "99"]
[EventDate "2020.09.19"]
[EventType "swiss"]
[EventCountry "GER"]
[SourceTitle "playchess.com"]
[Source "ChessBase"]
[SourceQuality "1"]
[TimeControl "900+10"]

1. d4 Nf6 2. Nf3 c5 3. d5 b5 4. c3 Bb7 5. e4 Nxe4 6. Bxb5 g6 7. O-O Bg7 8. Re1 Nf6 9. c4 O-O 10. Nc3 e6 11. Bf4 a6 12. Ba4 Qb6 13. Qd2 exd5 14. cxd5 d6 15. Re7 Bc8 16. Rae1 Bd7 17. Bb3 Ra7 18. Bh6 a5 19. Bxg7 Kxg7 20. Ng5 a4 21. Bxa4 Kg8 22. Bb3 Bf5 23. h3 Rxe7 24. Rxe7 Qb4 25. Nf3 Nbd7 26. Ba4 Nb6 27. a3 Qc4 28. Bc6 Ne4 29. Qh6 Nf6 30. Qd2 Ne4 31. Nxe4 Bxe4 32. b3 Qd3 33. Qxd3 Bxd3 34. Rb7 Nc8 35. a4 Rd8 36. Ng5 Rf8 37. a5 h6 38. Nf3 Rd8 39. Nd2 Ba6 40. Rb8 Kf8 41. Nc4 Ke7 42. f4 g5 43. g3 gxf4 44. gxf4 h5 45. Kf2 h4 46. Bb7 Bxc4 47. bxc4 Na7 48. Rxd8 Kxd8 49. f5 Ke7 50. Kf3 1-0

[Event "46th GER-ch Rapid 2020"]
[Site "Plochingen"]
[Date "2020.09.20"]
[Round "8.7"]
[White "Richter, Nils"]
[Black "Braeuning, Rudolf Wilhelm"]
[Result "0-1"]
[ECO "A21"]
[WhiteElo "2307"]
[BlackElo "2268"]
[Annotator "ChessBase"]
[PlyCount "74"]
[EventDate "2020.09.19"]
[EventType "swiss"]
[EventCountry "GER"]
[SourceTitle "playchess.com"]
[Source "ChessBase"]
[SourceQuality "1"]
[TimeControl "900+10"]

1. c4 e5 2. Nc3 Bb4 3. Nd5 Be7 4. d4 exd4 5. Nf3 Nf6 6. Nxe7 Qxe7 7. Nxd4 Qb4+ 8. Bd2 Qxc4 9. e3 Qd5 10. Be2 Qxg2 11. Bf3 Qg6 12. Qb3 Na6 13. Ke2 Nc5 14. Qa3 Ne6 15. Rhg1 Nxd4+ 16. exd4 Qf5 17. Rae1 Kd8 18. Kd1 d6 19. Rxg7 Re8 20. Rxe8+ Nxe8 21. Rg8 a5 22. Qe3 Bd7 23. Kc1 c6 24. Bg4 Qd5 25. Bxd7 Kxd7 26. Qh3+ Kc7 27. Qxh7 Nf6 28. Rxa8 Nxh7 29. Bxa5+ Kd7 30. Ra7 Qc4+ 31. Bc3 Kc7 32. Ra8 Ng5 33. Re8 Kd7 34. Re3 Ne6 35. h4 Nxd4 36. h5 Nf5 37. Rf3 Qg4 0-1